 Dungeon Crawl Stone Soup version 0.18-a0-1186-gd02dc51 (webtiles) character file.

104154 inmateoo the Swashbuckler (level 16, -6/101 HPs)
             Began as a Kobold Assassin on Jan 28, 2016.
             Was a High Priest of Okawaru.
             Mangled by a catoblepas (11 damage)
             ... on level 15 of the Dungeon.
             The game lasted 01:21:55 (27066 turns).

inmateoo the Swashbuckler (Kobold Assassin)        Turns: 27066, Time: 01:21:55

Health: -6/101     AC: 13    Str: 13    XL:     16   Next: 91%
Magic:  0/24       EV:  5    Int: 11    God:    Okawaru [*****.]
Gold:   1957       SH:  0    Dex: 21    Spells: 2 memorised, 13 levels left

rFire  . . .     SeeInvis .     W - +9 quick blade
rCold  + . .     Gourm    .     B - +1 robe of Tenacity {Int+2 Slay+2}
rNeg   + + +     Faith    .     A - +0 shield {reflect}
rPois  ∞         Spirit   +     E - +1 hat {Spirit}
rElec  .         Dismiss  .     R - +1 cloak {rPois}
rCorr  .         Reflect  +     F - +0 pair of gloves
SustAt .         Harm     .     (no boots)
MR     ++...                    i - amulet of regeneration
Stlth  +++++++...               H - ring of the Queen {MR+ Slay+3}
                                y - ring of protection from cold

@: petrified, very resistant to hostile enchantments, extremely stealthy
A: horns 1, repulsion field 1, rough black scales 2, carnivore 3, deformed body,
mutation resistance 1, screaming 1, strong 1
a: Heroism, Finesse, Renounce Religion


You were on level 15 of the Dungeon.
You worshipped Okawaru.
Okawaru was extremely pleased with you.
You were very full.

You visited 3 branches of the dungeon, and saw 25 of its levels.
You also visited: Ice Cave.

You collected 2907 gold pieces.
You spent 636 gold pieces at shops.

Inventory:

Hand Weapons
 b - a +1 blowgun (quivered)
 v - a +2 scimitar of flaming
 W - a +9 quick blade (weapon)
Missiles
 e - 37 poisoned needles
 t - 3 needles of paralysis
 M - 11 needles of sleeping
 X - 9 needles of confusion
Armour
 A - a +0 shield of reflection (worn)
 B - the +1 robe of Tenacity (worn) {Int+2 Slay+2}
   (Okawaru gifted it to you on level 7 of the Lair of Beasts)

   It affects your intelligence (+2).
   It affects your accuracy and damage with ranged weapons and melee attacks
   (+2).
 E - a +1 hat of spirit shield (worn)
 F - a +0 pair of gloves (worn)
 R - a +1 cloak of poison resistance (worn)
 U - the +2 pair of gloves of the Pink Corner {rN+ Slay-3 SInv}
   (You found it on level 11 of the Dungeon)

   It affects your accuracy and damage with ranged weapons and melee attacks
   (-3).
   It protects you from negative energy.
   It lets you see invisible.
Rods
 Y - a +3 rod of inaccuracy (12/12)
   (You found it in an ice cave)
Jewellery
 i - an amulet of regeneration (around neck)
 m - an uncursed ring of positive energy
 o - an uncursed ring of resist corrosion
 y - a ring of protection from cold (left hand)
 D - an uncursed ring of protection from magic
 H - the ring of the Queen (right hand) {MR+ Slay+3}
   (You took it off a big kobold on level 15 of the Dungeon)

   [ring of protection from magic]

   It affects your accuracy and damage with ranged weapons and melee attacks
   (+3).
   It affects your resistance to hostile enchantments.
 O - the ring "Keyhim" {+Fly MP+9 Dex+4}
   (You found it on level 15 of the Dungeon)

   [ring of flight]

   It affects your dexterity (+4).
   It affects your magic capacity (+9).
   It lets you fly.
Wands
 s - a wand of cold (3/15)
 C - a wand of fire (9/15)
 L - a wand of confusion (2/48)
 T - a wand of digging (10/24)
Scrolls
 h - 15 scrolls of remove curse
 n - 8 scrolls of enchant armour
 p - 2 scrolls of fear
 q - a scroll of magic mapping
 r - 3 scrolls of recharging
 z - 8 scrolls of teleportation
 K - 6 scrolls of identify
 N - 2 scrolls of fog
Potions
 a - 4 potions of ambrosia
 d - 2 potions of resistance
 j - 8 potions of curing
 k - a potion of heal wounds
 l - 4 potions of lignification
 u - 4 potions of brilliance
 w - 3 potions of cancellation
 x - 2 potions of haste
 I - a potion of might
 J - 2 potions of flight
 P - 2 potions of berserk rage
 Q - a potion of agility
 Z - a potion of cure mutation
Miscellaneous
 c - a piece from Xom's chessboard
Comestibles
 f - a royal jelly
 g - 11 meat rations
 G - 4 slices of pizza
 S - 14 beef jerkies


   Skills:
 + Level 12.2 Fighting
 * Level 18.9 Short Blades
 - Level 4.1 Throwing
 + Level 12.6 Dodging
 + Level 15.4 Stealth
 + Level 4.9 Shields
 + Level 4.9 Spellcasting
 - Level 10.1 Invocations
 + Level 11.6 Evocations


You had 13 spell levels left.
You knew the following spells:

 Your Spells              Type           Power        Failure   Level  Hunger
a - Regeneration          Chrm/Necr      #.........   100%        3    ###....
b - Controlled Blink      Tloc           N/A          100%        8    #######


Dungeon Overview and Level Annotations

Branches:
Dungeon (15/15)            Temple (0/1) D:7            Lair (8/8) D:10
 Shoals (0/4) Lair:3        Snake (0/4) Lair:6        Slime (0/6) Lair:7
    Orc (2/2) D:10         Vaults (0/5) D:13         Depths (0/5) D:15
    Elf: Orc:2

Altars:
Ashenzari
Elyvilon
Gozag
Kikubaaqudgha
Makhleb
Okawaru
Qazlal
Sif Muna
Xom
Yredelemnul
Zin
The Shining One
Beogh

Shops:
D:6 %   D:9 =   D:12 (   D:15 %   Orc:2 (**[

Portals:
Trove: D:10 (give 13 potions of heal wounds)

Annotations:
D:3 exclusion: downstairs
D:7 exclusion: ice statue


Innate Abilities, Weirdness & Mutations

You are small and have problems with some larger weapons.
You are carnivorous and can eat meat at any time.
You have a pair of small horns on your head.
You are surrounded by a mild repulsion field (EV +2).
You are mostly covered in rough black scales (AC +7, Dex -2).
Armour fits poorly on your strangely shaped body.
You are somewhat resistant to further mutation.
You occasionally shout uncontrollably at your foes.
Your muscles are strong. (Str +2)


Message History

The wolf spider simulacrum freezes you! You resist.
The wolf spider simulacrum bites you but does no damage.
The catoblepas gores you but does no damage.
An ogre comes into view. It is wielding a giant club.
The wolf spider simulacrum hits you. The wolf spider simulacrum freezes you!
You resist.
* * * LOW HITPOINT WARNING * * *
The wolf spider simulacrum bites you but does no damage.
The ogre hits you with a giant spiked club!!
* * * LOW HITPOINT WARNING * * *
The wolf spider simulacrum hits you.
* * * LOW HITPOINT WARNING * * *
The wolf spider simulacrum freezes you! You resist.
* * * LOW HITPOINT WARNING * * *
The wolf spider simulacrum bites you!
* * * LOW HITPOINT WARNING * * *
The wolf spider simulacrum freezes you! You resist.
* * * LOW HITPOINT WARNING * * *
The catoblepas gores you!!
You die...

.......# ##..)(=. .......+
#####..##.. .#.....## #..###'#...
..#.....#+## ######...)#.....
...........+. ##.:)##....'.....
.....#.....##. #.....#†..##....#
#.....#..O..#'###..)..###'#....#.
#...≈≈.#..O....O##..[##.......#.≈
##..≈≈≈.#O.....Y@#'#'#.......#.≈≈
##.≈≈≈..........Z.............≈≈
#................#.............
###.....#)...........#...#.....
#......#......#.......#.....#
##................#.......###
#####.......#..........(###
##.'...).......#.......[.##
##..#.(....#............#).#


You could see a catoblepas, a two-headed ogre (wandering), 3 ogres and a wolf
spider simulacrum.

Vanquished Creatures
  Gastronok (D:10)
  A fire giant (D:15)
  Donald (Orc:2)
  A frost giant (D:15)
  Maud (Orc:2)
  An ettin (D:15)
  8 vault guards
  2 yaktaur captains (D:15)
  Josephine (D:10)
  A rakshasa (D:15)
  5 hydras
  2 catoblepae (Lair:8)
  Erolcha (D:9)
  Harold (Lair:2)
  5 centaur warriors
  A death knight (D:15)
  3 tengu warriors (D:15)
  A deep troll shaman (Lair:8)
  An ogre mage (D:13)
  19 death yaks (Lair:8)
  4 orc high priests (Orc:2)
  A skeletal warrior (D:15)
  A wizard (D:13)
  2 unseen horrors
  A hill giant (D:15)
  Pikel (D:7)
  A lindwurm (Lair:8)
  A death drake (shapeshifter) (D:15)
  5 orc knights
  A wolf spider zombie (D:15)
  4 orc sorcerers
  2 deep elf magi (D:13)
  3 ugly things
  3 griffons
  3 cyclopes
  9 black mambas
  7 elephants
  A siren (Lair:3)
  2 guardian serpents (D:15)
  3 ice statues (IceCv)
  3 gargoyles
  10 spiny frogs
  5 yaktaurs
  A kobold demonologist (D:15)
  5 komodo dragons
  A fire drake (Lair:2)
  A freezing wraith (D:15)
  5 trolls
  Grinder (D:6)
  11 blink frogs
  6 two-headed ogres
  A slime creature (D:15)
  A blink frog (shapeshifter) (D:13)
  2 boulder beetles
  7 wraiths
  A shadow (D:15)
  A yak (shapeshifter) (D:15)
  A human (D:7)
  A wyvern (D:11)
  A steam dragon (Lair:2)
  13 yaks
  11 hippogriffs
  2 hungry ghosts
  3 vampire mosquitoes (D:15)
  8 wolves (Lair:8)
  3 basilisks
  6 wargs
  3 nagas (Lair:6)
  3 mottled dragons
  A soldier ant (D:11)
  24 water moccasins
  15 ice beasts
  5 porcupines
  A swamp drake (D:10)
  37 orc warriors
  5 black bears
  3 phantoms
  3 sky beasts
  An eye of draining (D:14)
  A wasp (D:9)
  15 ogres
  9 centaurs
  5 boggarts (D:15)
  15 crocodiles
  5 big kobolds
  A gnoll sergeant (D:8)
  A wyvern zombie (D:12)
  14 giant frogs
  A water moccasin zombie (D:5)
  10 killer bees
  2 scorpions
  8 wights
  6 electric eels (D:7)
  7 crimson imps
  A giant frog zombie (D:13)
  A wasp zombie (D:9)
  A quasit (D:9)
  2 centaur zombies
  7 hounds
  6 centaur skeletons
  33 orc priests
  7 iguanas
  4 jellies
  A giant frog skeleton (D:4)
  A gnoll shaman (D:8)
  Terence (D:3)
  17 orc wizards
  Natasha (thrice) (D:3)
  10 worker ants
  16 sheep
  A hound zombie (D:6)
  A hound skeleton (D:9)
  12 gnolls
  14 adders
  50 river rats
  2 shadow imps
  2 giant eyeballs (D:15)
  An adder zombie (D:6)
  An ooze (D:6)
  2 worms
  4 giant geckos
  99 orcs
  2 giant cockroaches
  6 goblins
  11 hobgoblins
  6 jackals
  3 quokkas
  3 ball pythons (D:3)
  13 bats
  4 giant newts
  16 kobolds
  A quokka zombie (D:6)
  5 rats
794 creatures vanquished.

Vanquished Creatures (others)
  A manticore (D:11)
  A cyclops (D:15)
  A merfolk (IceCv)
  A centaur (D:7)
  A slave (D:7)
  A bush (Lair:8)
  9 fungi (Lair:8)
  16 plants (Lair:8)
31 creatures vanquished.

Grand Total: 825 creatures vanquished

Notes
Turn   | Place    | Note
--------------------------------------------------------------
     0 | D:1      | inmateoo the Kobold Assassin began the quest for the Orb.
     0 | D:1      | Reached XP level 1. HP: 12/12 MP: 1/1
   224 | D:1      | Reached XP level 2. HP: 17/17 MP: 2/2
   614 | D:1      | Reached XP level 3. HP: 21/21 MP: 3/3
   974 | D:2      | Found a glowing silver altar of Zin.
   974 | D:2      | Found a stormy altar of Qazlal.
  1181 | D:2      | Found an iron altar of Okawaru.
  1203 | D:2      | Became a worshipper of Warmaster Okawaru
  1216 | D:2      | Found a basalt altar of Yredelemnul.
  1616 | D:3      | Noticed Terence
  1635 | D:3      | Reached XP level 4. HP: 25/27 MP: 4/4
  1843 | D:3      | Killed Terence
  1843 | D:3      | Reached XP level 5. HP: 26/31 MP: 5/5
  1961 | D:3      | Reached skill level 6 in Stealth
  2397 | D:3      | Noticed Natasha
  2407 | D:3      | Killed Natasha
  2407 | D:3      | Reached XP level 6. HP: 37/37 MP: 6/6
  2522 | D:3      | Found a deep blue altar of Sif Muna.
  2584 | D:3      | Noticed Natasha
  2588 | D:3      | Killed Natasha
  2642 | D:3      | Reached skill level 5 in Short Blades
  2837 | D:3      | Noticed Natasha
  2845 | D:3      | Killed Natasha
  3063 | D:4      | Reached * piety under Okawaru
  3122 | D:4      | Reached XP level 7. HP: 41/41 MP: 7/7
  3363 | D:4      | Gained mutation: You are weak. (Str -2) [potion of mutation]
  3363 | D:4      | Gained mutation: You have a pair of small horns on your head. [potion of mutation]
  3363 | D:4      | Gained mutation: You are surrounded by a mild repulsion field (EV +2). [potion of mutation]
  3621 | D:5      | Entered Level 5 of the Dungeon
  3657 | D:5      | Reached skill level 1 in Invocations
  3964 | D:5      | Reached ** piety under Okawaru
  3964 | D:5      | Reached skill level 7 in Stealth
  3964 | D:5      | Reached XP level 8. HP: 48/48 MP: 9/9
  4221 | D:5      | You fall through a shaft for 2 floors!
  4257 | D:6      | Found a burning altar of Makhleb.
  4541 | D:6      | Found Noinaja's Food Shoppe.
  4561 | D:6      | Noticed Grinder
  4586 | D:6      | Killed Grinder
  4586 | D:6      | Reached skill level 8 in Short Blades
  4964 | D:5      | Found an ancient bone altar of Kikubaaqudgha.
  5125 | D:5      | Reached skill level 5 in Dodging
  5195 | D:7      | Found a staircase to the Ecumenical Temple.
  5313 | D:7      | Reached XP level 9. HP: 52/52 MP: 11/11
  5320 | D:7      | Found a basalt altar of Yredelemnul.
  5627 | D:7      | Reached skill level 5 in Fighting
  5672 | D:7      | Reached *** piety under Okawaru
  5687 | D:7      | Noticed Pikel
  5694 | D:7      | Killed Pikel
  5694 | D:7      | Reached skill level 9 in Short Blades
  6341 | D:7      | Reached skill level 10 in Short Blades
  6425 | D:7      | Reached **** piety under Okawaru
  6429 | D:7      | Noticed an ice statue
  6446 | D:7      | Got a blackened mace
  6449 | D:7      | Got an encrusted chain mail
  6492 | D:7      | Identified the +7 chain mail "Quere" {rElec rC- Regen+ rCorr} (You found it on level 7 of the Dungeon)
  6499 | D:7      | Identified the +7 mace "Faikou" {crush, +Inv Stlth+} (You found it on level 7 of the Dungeon)
  6586 | D:8      | Gained mutation: Your body sometimes deteriorates upon taking damage. [potion of mutation]
  6586 | D:8      | Gained mutation: You occasionally shout uncontrollably at your foes. [potion of mutation]
  6586 | D:8      | Gained mutation: You are somewhat resistant to further mutation. [potion of mutation]
  6587 | D:8      | Gained mutation: Your spells are a little easier to cast, but a little less powerful. [potion of mutation]
  6595 | D:8      | Reached XP level 10. HP: 60/60 MP: 13/13
  6765 | D:8      | Reached skill level 5 in Invocations
  6765 | D:8      | Reached skill level 1 in Evocations
  7174 | D:8      | Found a white marble altar of Elyvilon.
  7181 | D:8      | Found a shimmering altar of Xom.
  7466 | D:9      | Found Quhinn's Jewellery Emporium.
  7585 | D:9      | Noticed a cyclops
  7691 | D:9      | Reached skill level 11 in Short Blades
  7745 | D:9      | Killed a cyclops
  7907 | D:9      | Received a gift from Okawaru
  8066 | D:9      | Noticed Erolcha
  8095 | D:9      | Killed Erolcha
  8095 | D:9      | Reached ***** piety under Okawaru
  8095 | D:9      | Received a gift from Okawaru
  8095 | D:9      | Reached skill level 10 in Stealth
  8423 | D:10     | Entered Level 10 of the Dungeon
  8424 | D:10     | Found an opulent altar of Gozag.
  8424 | D:10     | Noticed Josephine
  8456 | D:10     | Found a portal to a secret trove of treasure.
  8481 | D:10     | Reached XP level 11. HP: 39/67 MP: 15/15
  8550 | D:10     | Found a shattered altar of Ashenzari.
  8610 | D:10     | Killed Josephine
  8610 | D:10     | Received a gift from Okawaru
  8610 | D:10     | Reached skill level 12 in Short Blades
  8786 | D:10     | Found a staircase to the Lair.
  8908 | D:10     | Received a gift from Okawaru
  9022 | D:10     | Noticed Gastronok
  9162 | D:10     | Killed Gastronok
  9162 | D:10     | Reached skill level 5 in Evocations
  9424 | D:10     | Found a staircase to the Orcish Mines.
  9943 | D:11     | Reached skill level 13 in Short Blades
  9965 | D:11     | Got a pair of smoking gloves
  9976 | D:11     | Identified the +2 pair of gloves of the Pink Corner {rN+ Slay-3 SInv} (You found it on level 11 of the Dungeon)
 10192 | D:11     | Noticed a manticore
 10222 | D:11     | Killed a manticore
 10314 | D:11     | Reached XP level 12. HP: 67/74 MP: 14/17
 10752 | D:12     | Found Noescho's Weapon Shop.
 10799 | D:12     | Killed an unseen horror
 10915 | D:12     | Found a frozen archway.
 11016 | IceCv    | Entered an ice cave
 11072 | IceCv    | Got a translucent plate armour
 11084 | IceCv    | Identified the +8 plate armour "Courot" {+Fly Str+5 Int+3} (You found it in an ice cave)
 11151 | IceCv    | Hired Lorghikk the merfolk for 310 gold.
 11165 | IceCv    | Your ally Lorghikk died
 11220 | IceCv    | Got a bone lajatang
 11235 | IceCv    | Identified the +2 lajatang of Agirujej {vamp, Dex+2} (You found it in an ice cave)
 11238 | IceCv    | Identified a +3 rod of inaccuracy (12/12) (You found it in an ice cave)
 11776 | D:13     | Found a white marble altar of Elyvilon.
 11902 | D:13     | Lost mutation: Your body sometimes deteriorates upon taking damage. [potion of cure mutation]
 11902 | D:13     | Lost mutation: You are weak. (Str -2) [potion of cure mutation]
 11902 | D:13     | Lost mutation: You occasionally shout uncontrollably at your foes. [potion of cure mutation]
 11902 | D:13     | Lost mutation: You have a pair of small horns on your head. [potion of cure mutation]
 11902 | D:13     | Lost mutation: Your spells are a little easier to cast, but a little less powerful. [potion of cure mutation]
 12070 | Lair:1   | Entered Level 1 of the Lair of Beasts
 12254 | Lair:1   | Reached skill level 14 in Short Blades
 12257 | Lair:1   | Received a gift from Okawaru
 12963 | Lair:2   | Received a gift from Okawaru
 13003 | Lair:2   | Received a gift from Okawaru
 13033 | Lair:2   | Learned a level 3 spell: Regeneration
 13042 | Lair:2   | Learned a level 8 spell: Controlled Blink
 13060 | Lair:2   | Reached XP level 13. HP: 43/80 MP: 12/19
 13153 | Lair:2   | Noticed Harold
 13238 | Lair:2   | Killed Harold
 13400 | Lair:2   | HP: 1/80 [komodo dragon (13)]
 14483 | Lair:3   | Found a staircase to the Shoals.
 15195 | Lair:4   | Reached skill level 15 in Short Blades
 15238 | Lair:4   | Noticed a four-headed hydra
 15243 | Lair:4   | Killed a four-headed hydra
 15492 | Lair:4   | Reached skill level 10 in Dodging
 16227 | Lair:5   | XOM: enchant monster (bad)
 16386 | Lair:5   | Identified a scroll of acquirement
 16471 | Lair:6   | Found a staircase to the Snake Pit.
 16928 | Lair:6   | Noticed a five-headed hydra
 17069 | Lair:6   | Noticed a five-headed hydra
 17084 | Lair:6   | Killed a one-headed hydra
 17084 | Lair:6   | Received a gift from Okawaru
 17100 | Lair:6   | Killed a five-headed hydra
 17807 | Lair:7   | Got an encrusted lajatang
 17808 | Lair:7   | Identified the +3 lajatang of Reapportionment {drain, rC+} (You found it on level 7 of the Lair of Beasts)
 18064 | Lair:7   | Received a gift from Okawaru
 18072 | Lair:7   | Got a slimy robe {god gift}
 18083 | Lair:7   | Identified the +1 robe of Tenacity {Int+2 Slay+2} (Okawaru gifted it to you on level 7 of the Lair of Beasts)
 18347 | Lair:7   | Found a staircase to the Slime Pits.
 18437 | Lair:7   | Reached XP level 14. HP: 87/87 MP: 21/21
 18549 | Lair:7   | Reached skill level 10 in Fighting
 18738 | Lair:8   | Entered Level 8 of the Lair of Beasts
 19020 | Lair:8   | Reached skill level 16 in Short Blades
 19698 | Lair:8   | Reached skill level 10 in Invocations
 19947 | Lair:8   | Received a gift from Okawaru
 20338 | Lair:8   | Reached skill level 1 in Spellcasting
 20350 | Lair:8   | Reached skill level 1 in Shields
 20377 | Lair:8   | Reached ****** piety under Okawaru
 20377 | Lair:8   | Received a gift from Okawaru
 20377 | Lair:8   | Reached skill level 17 in Short Blades
 20407 | Lair:8   | Reached skill level 10 in Evocations
 20407 | Lair:8   | Reached XP level 15. HP: 88/93 MP: 15/22
 20642 | Lair:8   | Received a gift from Okawaru
 20798 | Lair:8   | Got an iridescent short sword
 20799 | Lair:8   | Identified the +3 short sword of Analysis {speed, MP+9} (You found it on level 8 of the Lair of Beasts)
 21131 | Orc:1    | Entered Level 1 of the Orcish Mines
 21721 | Orc:2    | Entered Level 2 of the Orcish Mines
 21896 | Orc:2    | Noticed Donald
 21938 | Orc:2    | Killed Donald
 22173 | Orc:2    | Noticed Maud
 22175 | Orc:2    | Killed Maud
 22184 | Orc:2    | Found a roughly hewn altar of Beogh.
 22268 | Orc:2    | Found Tadgh's General Store.
 22274 | Orc:2    | Bought a potion of heal wounds for 85 gold pieces
 22274 | Orc:2    | Bought a potion of might for 68 gold pieces
 22274 | Orc:2    | Bought a scroll of enchant armour for 127 gold pieces
 22280 | Orc:2    | Found Roemitu's Antique Weapon Shoppe.
 22954 | Orc:2    | Found Giobaoh's Assorted Antiques.
 23025 | Orc:2    | Bought a scroll of enchant weapon for 172 gold pieces
 23025 | Orc:2    | Bought a potion of berserk rage for 115 gold pieces
 23025 | Orc:2    | Bought a potion of curing for 69 gold pieces
 23359 | Orc:2    | Noticed an orc warlord
 23360 | Orc:2    | Found Azaofulepnil's Armour Emporium.
 23573 | Orc:2    | Found a roughly hewn altar of Beogh.
 23590 | Orc:2    | XOM: swap monsters
 23591 | Orc:2    | XOM: swap monsters
 23592 | Orc:2    | XOM: swap monsters
 24012 | D:13     | Found a shattered altar of Ashenzari.
 24259 | D:13     | Received a gift from Okawaru
 24301 | D:13     | Gained mutation: Armour fits poorly on your strangely shaped body. [mutagenic meat]
 24302 | D:13     | Gained mutation: Your muscles are strong. (Str +2) [mutagenic meat]
 24381 | D:13     | Reached skill level 18 in Short Blades
 24550 | D:13     | Gained mutation: You are partially covered in rough black scales (AC +4, Dex -1). [mutagenic meat]
 24551 | D:13     | Gained mutation: You are mostly covered in rough black scales (AC +7, Dex -2). [mutagenic meat]
 24552 | D:13     | Gained mutation: You occasionally shout uncontrollably at your foes. [mutagenic meat]
 24553 | D:13     | Gained mutation: You have a pair of small horns on your head. [mutagenic meat]
 24775 | D:13     | Reached XP level 16. HP: 46/100 MP: 11/24
 24911 | D:13     | Found a gate to the Vaults.
 25379 | D:14     | Found a glowing golden altar of the Shining One.
 25928 | D:15     | Entered Level 15 of the Dungeon
 26046 | D:15     | Got a fine steel ring
 26149 | D:15     | Paralysed by a giant eyeball for 3 turns
 26174 | D:15     | Reached skill level 15 in Stealth
 26177 | D:15     | Paralysed by a giant eyeball for 4 turns
 26197 | D:15     | Identified the ring of the Queen {MR+ Slay+3} (You took it off a big kobold on level 15 of the Dungeon)
 26326 | D:15     | Received a gift from Okawaru
 26459 | D:15     | Found a staircase to the Depths.
 26459 | D:15     | Noticed a frost giant
 26462 | D:15     | Killed a frost giant
 26496 | D:15     | Got a coiled golden ring
 26497 | D:15     | Identified the ring "Keyhim" {+Fly MP+9 Dex+4} (You found it on level 15 of the Dungeon)
 26737 | D:15     | Got an ancient silver ring
 26740 | D:15     | Identified the ring "Dujulec" {Fire *Contam rPois Dex+6 SInv} (You found it on level 15 of the Dungeon)
 26925 | D:15     | Found Udaipo's Food Shop.
 27007 | D:15     | Noticed a fire giant
 27025 | D:15     | Killed a fire giant
 27025 | D:15     | Received a gift from Okawaru
 27066 | D:15     | HP: 5/101 [wolf spider simulacrum (5)]
 27066 | D:15     | Mangled by a catoblepas

Vault maps used:
D:1:      roderic_crossed_star, minmay_misc_feat_doors, hangedman_decor_push,
          hex_intersection
D:2:      kennysheep_okawaru_gauntlet, yredelemnul_altar_generic,
          gammafunk_temple_overflow_elements
D:3:      lemuel_blue_sif_altar, serial_forest, infiniplex_forest_end_2,
          infiniplex_forest_lined_2, infiniplex_forest_end_double,
          infiniplex_forest_clump_tiny, infiniplex_forest_corner_2,
          infiniplex_forest_zigzag_1, uniq_terence, uniq_natasha
D:4:      first_bread, minivault_5
D:5:      lemuel_coloured_pillars_altar
D:6:      lemuel_round_altar, serial_shops, shop, uniq_grinder
D:7:      statuecave_lemuel, minmay_temple_entry_trees, basic_altar,
          grunt_livestock, uniq_pikel
D:8:      amethyst_overflow_temple_binary
D:9:      serial_shops, kennysheep_little_box, uniq_erolcha
D:10:     erik_lair_orcish_takeover, erik_orc_1,
          nicolae_trove_entry_free_sample, basic_altar, minivault_26,
          nicolae_gozag_cash_rules_everything_around_me, uniq_gastronok,
          uniq_josephine
D:11:     lemuel_nasty_fountain
D:12:     serial_shops, kennysheep_mini, portal_ice_cave_entry_ice_beasts
D:13:     grunt_vaults_entry_fortified, serial_column_ruins,
          column_ruins_temple_circle, column_ruins_open_small,
          column_ruins_open_tiny, column_ruins_grid_2, basic_altar
D:14:     nicolae_tso_carved_into_rock
D:15:     hangedman_spin_cycle
Lair:2:   st_stairs_11, bobbens_dragon_lair_wall, lemuel_fruit_tree, uniq_harold
Lair:3:   minmay_shoals_entry_lonely_mermaid
Lair:6:   minmay_snake_entry_guardpost_small
Lair:7:   slime_dummy
Lair:8:   grunt_lair_end_beastmaster
Orc:2:    pubby_orc_utopia, uniq_donald, uniq_maud
IceCv:    ice_cave_statue_garden_02

Action                   |  1- 3 |  4- 6 |  7- 9 | 10-12 | 13-15 | 16-18 || total
-------------------------+-------+-------+-------+-------+-------+-------++-------
Melee: Dagger            |    84 |   134 |   385 |   711 |   241 |       ||  1555
       Scimitar          |       |       |     2 |   433 |   101 |     9 ||   545
       Quick blade       |       |       |       |       |  2065 |   520 ||  2585
       Mace              |       |       |       |       |    14 |       ||    14
 Fire: Blowgun           |    24 |    32 |    34 |    31 |     8 |       ||   129
Invok: Heroism           |       |       |     1 |     8 |    18 |     6 ||    33
       Finesse           |       |       |       |     1 |     5 |       ||     6
 Abil: Evoke Invisibilit |       |       |       |       |     1 |       ||     1
       Evoke Flight      |       |       |       |       |     1 |       ||     1
Evoke: Wand              |       |       |     9 |     6 |    14 |     4 ||    33
       Deck              |       |       |       |     6 |       |       ||     6
       Rod               |       |       |       |     4 |    19 |     3 ||    26
       Piece from Xom's  |       |       |       |       |     5 |       ||     5
  Use: Scroll            |     7 |     4 |    11 |     9 |    12 |    12 ||    55
       Potion            |       |       |     4 |     9 |     8 |     6 ||    27
 Stab: Sleeping          |    16 |     6 |     9 |    21 |    54 |    16 ||   122
       Confused          |       |       |     3 |     2 |       |     1 ||     6
       Distracted        |       |       |       |     3 |     9 |     1 ||    13
       Petrified         |       |       |       |       |     1 |       ||     1
       Fleeing           |       |       |       |       |       |     1 ||     1
  Eat: Chunk             |     8 |     2 |     7 |    19 |    43 |    19 ||    98
       Pizza             |       |       |     1 |     3 |     5 |       ||     9
       Beef jerky        |       |       |     2 |       |       |       ||     2
       Royal jelly       |       |       |       |     1 |     1 |       ||     2
